 Dungeon Crawl Stone Soup version 0.17-a0-2215-g49c1de0 (webtiles) character file.

43 xeno23 the Scratcher (level 3, 0/15 HPs)
             Began as a Felid Transmuter on Oct 27, 2015.
             Slain by a worm (10 damage)
             ... on level 2 of the Dungeon.
             The game lasted 00:07:25 (1340 turns).

xeno23 the Scratcher (Felid Transmuter)             Turns: 1340, Time: 00:07:25

Health: 0/15       AC:  1    Str:  6    XL:     3   Next: 37%
Magic:  6/7        EV: 18    Int: 14    God:
Gold:   75         SH:  0    Dex: 17    Spells: 2 memorised, 3 levels left
                                        Lives:  0   Deaths: 0

rFire  . . .     SeeInvis +       - Unarmed
rCold  . . .     Clarity  .     (armour unavailable)
rNeg   . . .     SustAt   .     (shield unavailable)
rPois  .         Gourm    .     (helmet unavailable)
rElec  .         Spirit   .     (cloak unavailable)
rCorr  .         Warding  .     (gloves unavailable)
rMut   .         Stasis   .     (boots unavailable)
MR     .....                    (no amulet)
Stlth  ++........               (no ring)
                                (no ring)

@: appendage, quick, not resistant to hostile enchantments, unstealthy
A: no armour, no weapons or thrown items, claws 1, fangs 3, horns 2, see
invisible, carnivore 3, speed 1, shaggy fur 1, slow metabolism 1, sharp paws
a: End Transformation


You were on level 2 of the Dungeon.
You were very full.
You had grown temporary horns.
You visited 1 branch of the dungeon, and saw 4 of its levels.

You collected 75 gold pieces.

Inventory:

Missiles
 a - 10 arrows
Wands
 l - a wand of slowing (24)
Scrolls
 d - a scroll of random uselessness {unknown}
 e - a scroll of fog {unknown}
 g - 3 scrolls of remove curse {unknown}
 h - a scroll of noise {unknown}
 i - a scroll of enchant weapon {unknown}
 j - 5 scrolls of teleportation {unknown}
 k - a scroll of fear {unknown}
Potions
 f - a potion of ambrosia {unknown}
Books
 b - a book of Changes

   Spells                             Type                      Level
   a - Beastly Appendage              Transmutation                1
   b - Sticks to Snakes               Transmutation                2
   c - Spider Form                    Transmutation/Poison         3
   d - Ice Form                       Ice/Transmutation            4
   e - Blade Hands                    Transmutation                5
Comestibles
 c - 2 meat rations


   Skills:
 + Level 1.3 Fighting
 + Level 2.9 Dodging
 + Level 1.3 Stealth
 * Level 3.6 Unarmed Combat
 - Level 2.0 Spellcasting
 * Level 2.9 Transmutations


You had 3 spell levels left.
You knew the following spells:

 Your Spells              Type           Power        Failure   Level  Hunger
a - Beastly Appendage     Trmt           #.....       10%         1    ##.....
s - Sticks to Snakes      Trmt           #.........   14%         2    ###....


Dungeon Overview and Level Annotations

Branches:
Dungeon (4/15)
 Temple: D:4-7

Altars:


Innate Abilities, Weirdness & Mutations

You cannot wear armour.
You are incapable of wielding weapons or throwing items.
You have sharp claws.
You have razor-sharp teeth.
You have supernaturally acute eyesight.
You are carnivorous and can eat meat at any time.
You cover ground quickly.
You are covered in fur (AC +1).
You have a slow metabolism.
Your sharp claws are effective at attacking unaware monsters.
You have a pair of horns on your head.


Message History

You start resting.
Your adder withers and dies!
HP restored.
The worm is too close now for your liking.
Found 7 gold pieces.
You scratch the worm but do no damage. You scratch the worm.
The worm is moderately wounded.
The worm bites you.
You take 5 damage.
Casting: Sticks to Snakes
Confirm with . or Enter, or press ? or * to list all spells.
You grow a pair of large bovine horns.
You claw the worm! You headbutt the worm.
The worm is almost dead.
You completely miss the worm.
The worm is almost dead.
The worm bites you!
Ouch! That really hurt!
You die...

#.. #$# ## #
#.#...#.##
##.#.#.....
#... ....#
#..##.#..#
#........#
#.w#..#.$# #
#.@#.##..##.#
##
#............
..
##...........
# #
###.###.....
#. ####.#
.... .
#...รท# ..
#.# #.####
#.# #.# #..
#.# ###


You could see a worm.

Vanquished Creatures
  2 adders
  2 giant geckos
  A ball python (D:1)
  5 hobgoblins
  3 jackals (D:2)
  6 bats
  A giant newt (D:4)
  A goblin (D:2)
  3 kobolds (D:1)
  2 rats
26 creatures vanquished.

Vanquished Creatures (collateral kills)
  A worm (D:2)
1 creature vanquished.

Grand Total: 27 creatures vanquished

Notes
Turn   | Place    | Note
--------------------------------------------------------------
     0 | D:1      | xeno23 the Felid Transmuter began the quest for the Orb.
     0 | D:1      | Reached XP level 1. HP: 9/9 MP: 4/4
   181 | D:1      | Reached XP level 2. HP: 6/12 MP: 6/6
   185 | D:1      | Learned a level 2 spell: Sticks to Snakes
   915 | D:2      | You fall through a shaft for 2 floors!
   920 | D:4      | Reached skill level 1 in Stealth
   920 | D:4      | Reached XP level 3. HP: 15/15 MP: 7/7
  1340 | D:2      | Slain by a worm

Vault maps used:
D:1:      ncdulo_watergridlock
D:2:      lemuel_round_altar
D:3:      uniq_iyjb, uniq_crazy_yiuf_cottage
D:4:      serial_shops, shop_coins, uniq_robin, uniq_menkaure

Action                   || total
-------------------------++-------
Melee: Unarmed           ||    63
 Cast: Beastly Appendage ||     5
       Sticks to Snakes  ||     2
 Stab: Sleeping          ||     6
  Eat: Chunk             ||     7
